 Dungeon Crawl Stone Soup version 0.32-a0-825-g0e82a1035d (webtiles) character file.

Game seed: 3408952714591661425

102517 crabbyslav the Severer (level 15, 0/138 HPs)
             Began as a Mountain Dwarf Monk on Mar 25, 2024.
             Was a High Priest of Okawaru.
             Slain by a spriggan berserker zombie (11 damage)
             ... on level 15 of the Dungeon.
             The game lasted 00:33:43 (22781 turns).

crabbyslav the Severer (Mountain Dwarf Monk)       Turns: 22781, Time: 00:33:44

Health: 0/138      AC: 46    Str: 26    XL:     15   Next: 86%
Magic:  24/24      EV:  7    Int: 16    God:    Okawaru [*****.]
Gold:   1886       SH:  0    Dex: 12    Spells: 14/14 levels left

rFire   . . .        c - +7 executioner's axe (freeze)
rCold   . . .        (shield currently unavailable)
rNeg    . . .        k - +14 crystal plate armour of Wurph {^Drain Regen+ Str+5 Int+5}
rPois   .            r - +1 hat "Aboe" {rElec}
rElec   +            f - +1 cloak
rCorr   +            (no gloves)
SInv    .            j - +0 pair of boots
Will    +....        l - amulet of regeneration Stlth
                     p - ring of resist corrosion
HPRegen 2.03/turn    J - +4 ring of protection
MPRegen 0.19/turn

%: no passive effects
@: no status effects
A: runic magic, artefact enchanting, wild magic 1
a: Renounce Religion, Heroism, Finesse, Duel


You were on level 15 of the Dungeon.
You worshipped Okawaru.
Okawaru was extremely pleased with you.
You visited 3 branches of the dungeon, and saw 21 of its levels.
You also visited: Sewer and Gauntlet.

You collected 1886 gold pieces.

Inventory:

Hand Weapons
 c - a +7 executioner's axe of freezing (weapon)
 i - a +2 broad axe of distortion
Missiles
 E - a throwing net
 I - 7 javelins
 N - a curare-tipped dart (quivered)
Armour
 e - a +2 helmet of intelligence
 f - a +1 cloak (worn)
 j - a +0 pair of boots (worn)
 k - the +14 crystal plate armour of Wurph (worn) {^Drain Regen+ Str+5 Int+5}
   (Okawaru gifted it to you on level 1 of the Lair of Beasts)

   Str+5:     It affects your strength (+5).
   Int+5:     It affects your intelligence (+5).
   Regen+:    It increases your rate of health regeneration.
   ^Drain:    It drains your maximum health when unequipped.
 r - the +1 hat "Aboe" (worn) {rElec}
   (You found it in a Gauntlet)

   rElec:     It insulates you from electricity.
 H - the +3 helmet "Daun" {Harm rPois Dex-3 Stlth+}
   (You found it on level 10 of the Dungeon)

   Dex-3:     It affects your dexterity (-3).
   rPois:     It protects you from poison.
   Harm:      It increases damage dealt and taken.
   Stlth+:    It makes you more stealthy.
Jewellery
 h - a ring of ice
 l - an amulet of regeneration (around neck)
 p - a ring of resist corrosion (left hand)
 y - an amulet of reflection
 A - the amulet "Cupoo" {Acrobat +Blink rF+ rC++ Slay-3}
   (You found it on level 4 of the Lair of Beasts)

   [amulet of the acrobat]

   Acrobat:   It increases your evasion while moving and waiting.
   Slay-3:    It affects your accuracy & damage with ranged weapons and melee
   (-3).
   rF+:       It protects you from fire.
   rC++:      It greatly protects you from cold.
   +Blink:    It lets you blink.
 C - the amulet of Murchi {Spirit rC+ Int+3 Dex+6}
   (You found it in a Gauntlet)

   [amulet of guardian spirit]

   Spirit:    It causes incoming damage to be divided between your reserves of
   health and magic.
   Int+3:     It affects your intelligence (+3).
   Dex+6:     It affects your dexterity (+6).
   rC+:       It protects you from cold.
 J - a +4 ring of protection (right hand)
 K - a ring of fire
Wands
 a - a wand of flame (42)
 m - a wand of digging (15)
 w - a wand of warping (3)
 x - a wand of polymorph (5)
 P - a wand of mindburst (9)
 Q - a wand of light (5)
 Y - a wand of paralysis (2)
Scrolls
 b - a scroll of vulnerability
 d - 2 scrolls of fog
 n - 9 scrolls of identify
 q - 3 scrolls of summoning
 v - 2 scrolls of teleportation
 B - 2 scrolls of immolation
 F - 2 scrolls of enchant weapon {unknown}
 O - a scroll of fear
 R - 3 scrolls of amnesia
 T - a scroll of revelation
 V - 2 scrolls of blinking
 W - a scroll of torment
 X - a scroll of brand weapon {unknown}
Potions
 g - 8 potions of curing
 o - 2 potions of magic
 s - 3 potions of mutation
 t - 2 potions of haste
 u - 5 potions of cancellation
 z - a potion of resistance
 G - 2 potions of lignification
 L - a potion of berserk rage {unknown}
 M - 2 potions of might
 S - 2 potions of brilliance {unknown}
 U - a potion of heal wounds
Miscellaneous
 D - a condenser vane


   Skills:
 + Level 14.1 Fighting
 * Level 20.8 Axes
 + Level 13.8 Armour
 - Level 9.2 Dodging
 - Level 13.0 Invocations


You had 14 spell levels left.
You didn't know any spells.
Your spell library contained the following spells:

 Spells                   Type           Power      Damage    Failure   Level
 Kiss of Death            Conj/Necr      0%         2d5       58%         1
 Magic Dart               Conj           0%         1d3       58%         1
 Cigotuvi's Dreadful Rot  Necr/Alch/Air  0%         N/A       71%         2
 Jinxbite                 Hex            0%         N/A       71%         2
 Lesser Beckoning         Tloc           0%         N/A       71%         2
 Searing Ray              Conj           0%         2d4       71%         2
 Confusing Touch          Hex            0%         N/A       90%         3
 Gell's Gravitas          Tloc           0%         N/A       90%         3
 Teleport Other           Tloc           0%         N/A       90%         3
 Dispel Undead            Necr           0%         3d6       100%        4
 Fulminant Prism          Conj/Alch      0%         3d5       100%        4
 Ignite Poison            Fire/Alch      0%         N/A       100%        4
 Olgreb's Toxic Radiance  Alch           0%         N/A       100%        4
 Vhi's Electric Charge    Tloc/Air       0%         N/A       100%        4
 Arcjolt                  Conj/Air       0%         1d10      100%        5
 Freezing Cloud           Conj/Ice/Air   0%         6-21      100%        5
 Yara's Violent Unravell  Hex/Alch       0%         3d3       100%        5
 Plasma Beam              Fire/Air       0%         2x1d10    100%        6
 Enfeeble                 Hex            0%         N/A       100%        7
 Orb of Destruction       Conj           0%         9d5       100%        7
 Ozocubu's Refrigeration  Ice            0%         4d7       100%        7
 Discord                  Hex            0%         N/A       100%        8
 Maxwell's Capacitive Co  Air            0%         ∞         100%        8
 Summon Blazeheart Golem  Fire/Summ      Unusable   N/A       N/A         4
 Spellforged Servitor     Conj/Summ      Unusable   N/A       N/A         7

Dungeon Overview and Level Annotations

Branches:
Dungeon (14/15)            Temple (1/1) D:4            Lair (5/5) D:11
  Swamp (0/4) Lair:3       Spider (0/4) Lair:3        Slime (0/5) Lair:4
    Orc (0/2) D:12         Vaults (0/5) D:13          Sewer (visited)
Gauntlet (visited)

Altars:
Ashenzari
Cheibriados
Dithmenos
Elyvilon
Fedhas
Gozag
Hepliaklqana
Kikubaaqudgha
Makhleb
Nemelex Xobeh
Okawaru
Qazlal
Ru
Sif Muna
Trog
Uskayaw
Vehumet
Wu Jian
Xom
Yredelemnul
Zin
The Shining One

Shops:
D:4 *   D:5 [

Annotations:
D:2 1 runed translucent door, Crazy Yiuf
D:3 1 runed translucent door, HourglassMan's ghost, amateur DsIE
D:7 Jeremiah


Innate Abilities, Weirdness & Mutations

Your spellcasting is much less encumbered by armour.
You can use scrolls of enchantment on lesser artefacts.
Your spells are a little harder to cast, but a little more powerful.


Message History

You closely miss the hell knight.
The hell knight is lightly wounded.
You slice the white very ugly thing!! You slice the brown very ugly thing!!
You freeze the brown very ugly thing.
You kill the brown very ugly thing!
Okawaru accepts your kill.
The hell knight hits you but does no damage.
You feel drained.
Your life force feels restored.
You slash the hell knight! You freeze the hell knight.
The hell knight is heavily wounded.
You hit the white very ugly thing but do no damage.
The hell knight hits you but does no damage.
You feel drained.
You open the hell knight like a pillowcase!!!
You freeze the hell knight!
You kill the hell knight!
Okawaru accepts your kill.
You hit the white very ugly thing but do no damage.
The white very ugly thing engulfs you but does no damage.
Your life force feels restored.
You closely miss the spriggan berserker zombie.
The spriggan berserker zombie is severely damaged.
You hit the white very ugly thing but do no damage.
The spriggan berserker zombie hits you but does no damage.
The white very ugly thing engulfs you but does no damage.
You closely miss the spriggan berserker zombie.
The spriggan berserker zombie is severely damaged.
You barely miss the white very ugly thing.
The white very ugly thing engulfs you!
The white very ugly thing freezes you!!!
The spriggan berserker zombie hits you!
You slash the white very ugly thing! You freeze the white very ugly thing.
The white very ugly thing is severely wounded.
You barely miss the spriggan berserker zombie.
The white very ugly thing engulfs you.
The white very ugly thing freezes you!!!
* * * LOW HITPOINT WARNING * * *
The spriggan berserker zombie hits you!
You die...

#..##.#..##.#..#...#.##...##.#
.##....##....##'...#.ß#####ß.#
.#..♣♣.#..♣♣.#.....##.......##
..#.♣♣..#.♣♣..###############
.##....##....##.......#
#..#.##..#.##....÷....#
#..##.#..##.#.........##
.##....##....##..u....'#
.#..♣♣.#..♣♣.#..@.....##
..#.♣♣..#.♣♣..###Z...##
.##....##....##.'...##
#..#.##..#.##...#...#
#..##.#..##.#...#####
.##....##....##.# #..##
.#..♣♣.#..♣♣.#..## .....
..#.♣♣..#.♣♣..#..# ....
.##....##....##.u# #..#


You could see a white very ugly thing and a spriggan berserker zombie.

Vanquished Creatures
  Jorgrun (D:15)
  Rupert (Lair:3)
  Gastronok (Lair:1)
  Kirke (D:15)
  Louise (D:15)
  A very ugly thing (D:15)
  Nessos (D:12)
  A minotaur (Gauntlet)
  The ghost of Egailiyk the Geomancer, a journeyman GrEE of Vehumet (Lair:4)
  The ghost of Ifomeed the Cruncher, a journeyman DsGl of Fedhas (Lair:3)
  6 hydras
  A rakshasa (D:15)
  A vault guard (D:13)
  2 ogre magi
  4 centaur warriors
  2 ice dragons
  2 catoblepae
  7 two-headed ogres
  3 boulder beetles
  A dancing weapon (D:13)
  A death knight (D:15)
  3 tengu warriors (D:15)
  7 death yaks
  2 occultists (D:15)
  A hell knight (D:15)
  Amaemon (D:8)
  Nergalle (D:12)
  A skyshark (Lair:4)
  7 skeletal warriors
  An arcanist (D:13)
  An orb spider (Lair:3)
  3 lindwurms (Lair:5)
  2 phantasmal warriors (D:15)
  A shining eye (Gauntlet)
  2 sphinx simulacra (D:15)
  7 ugly things
  Maurice (D:7)
  4 oklob plants
  4 cyclopes
  4 manticores
  5 black mambas
  A moth of wrath (D:9)
  Joseph (D:9)
  3 meliai (D:15)
  2 elephants (Lair:5)
  A rust devil (Gauntlet)
  An orange demon (D:8)
  6 torpor snails (Lair:5)
  9 cane toads
  2 gargoyles
  An unseen horror (D:13)
  Maggie (D:9)
  9 rime drakes
  6 komodo dragons
  A yaktaur (shapeshifter) (D:13)
  3 efreet
  2 kobold demonologists
  2 freezing wraiths (D:15)
  4 tengu conjurers
  2 queen bees (shapeshifter)
  9 trolls
  3 tyrant leeches (Lair:5)
  11 hornets
  10 dream sheep
  12 blink frogs
  Prince Ribbit (D:7)
  3 shadows
  7 slime creatures
  A vampire (D:11)
  5 hogs (D:15)
  A spriggan (shapeshifter) (D:14)
  A fire dragon skeleton (D:15)
  3 wraiths
  A ynoxinul (Gauntlet)
  6 wyverns
  2 fire elementals (Gauntlet)
  42 yaks
  7 basilisks
  A human (Lair:3)
  8 vampire mosquitoes
  2 golden eyes (Gauntlet)
  2 death yak simulacra (Lair:4)
  Edmund (D:4)
  3 acid dragons
  14 water moccasins
  A hydra simulacrum (Lair:4)
  3 hell hounds (Gauntlet)
  Duvessa (D:4)
  An orc warrior (D:12)
  A boulder beetle simulacrum (Lair:4)
  A black bear (D:6)
  2 laughing skulls (D:14)
  5 boggarts (D:15)
  An ice beast (D:7)
  A black bear (shapeshifter) (D:13)
  29 wolves
  4 ogres
  A crocodile (Sewer)
  A phantom (D:5)
  4 centaurs
  A kobold brigand (D:10)
  12 bullfrogs
  A cane toad simulacrum (Lair:4)
  A scorpion (D:4)
  6 wights
  A hornet simulacrum (D:14)
  An elephant simulacrum (Lair:4)
  Dowan (D:4)
  17 killer bees (D:10)
  5 howler monkeys
  3 electric eels (Lair:3)
  A rime drake simulacrum (Lair:4)
  A hound (D:5)
  2 bombardier beetles
  6 orc priests
  A gnoll bouda (D:10)
  A jelly (D:6)
  4 iguanas
  4 iron imps (Gauntlet)
  A sleepcap (D:8)
  7 hell rats
  11 orc wizards
  Robin (D:2)
  8 gnolls
  12 adders
  2 river rats (D:6)
  A shadow imp (D:5)
  A white imp (D:7)
  2 ufetubi (D:7)
  2 ribbon worms
  2 dart slugs (D:2)
  40 orcs
  11 ball pythons
  7 bats
  10 endoplasms
  4 giant cockroaches
  16 goblins
  14 hobgoblins
  14 jackals
  12 kobolds
  3 quokkas
  A frilled lizard (D:3)
  6 rats
624 creatures vanquished.

Notes
Turn   | Place    | Note
-------+----------+-------------------------------------------
     0 | D:1      | crabbyslav the Mountain Dwarf Monk began the quest for the
                  | Orb.
     0 | D:1      | Reached XP level 1. HP: 19/19 MP: 1/1
    47 | D:1      | Reached skill level 4 in Axes
    47 | D:1      | Reached XP level 2. HP: 20/26 MP: 2/2
   320 | D:1      | Reached skill level 1 in Armour
   576 | D:1      | Reached XP level 3. HP: 17/33 MP: 3/3
  1225 | D:2      | Reached XP level 4. HP: 30/40 MP: 4/4
  1249 | D:2      | Reached skill level 5 in Axes
  1391 | D:2      | Found a burning altar of Makhleb.
  1752 | D:2      | Found a runed translucent door.
  1753 | D:2      | Noticed Crazy Yiuf
  2025 | D:2      | Noticed Robin
  2057 | D:2      | Killed Robin
  2106 | D:2      | Reached XP level 5. HP: 43/46 MP: 5/5
  2710 | D:3      | Reached skill level 6 in Axes
  2737 | D:3      | Found a stormy altar of Qazlal.
  2874 | D:3      | Found a runed translucent door.
  2881 | D:3      | Noticed HourglassMan's ghost (amateur DsIE)
  3335 | D:3      | Identified the +7 falchion "Gainia" {flame, rF+ rC+}
  3487 | D:3      | Reached XP level 6. HP: 51/53 MP: 6/6
  3868 | D:4      | Noticed Duvessa
  3877 | D:4      | Noticed Dowan
  3884 | D:4      | Killed Dowan
  3887 | D:4      | Killed Duvessa
  3888 | D:4      | Reached skill level 5 in Fighting
  3888 | D:4      | Reached skill level 7 in Axes
  4065 | D:4      | Found a glowing silver altar of Zin.
  4125 | D:4      | Noticed Edmund
  4171 | D:4      | Killed Edmund
  4172 | D:4      | Reached XP level 7. HP: 24/61 MP: 7/7
  4435 | D:4      | Found Wequhack's Assorted Antiques.
  4507 | D:4      | Found a staircase to the Ecumenical Temple.
  4522 | Temple   | Entered the Ecumenical Temple
  4549 | Temple   | Became a worshipper of Warmaster Okawaru
  4549 | Temple   | Reached * piety under Okawaru
  4549 | Temple   | Reached ** piety under Okawaru
  5006 | D:5      | Entered Level 5 of the Dungeon
  5091 | D:5      | Reached skill level 1 in Invocations
  5382 | D:5      | Reached skill level 8 in Axes
  5410 | D:5      | Found Xoecw's Armour Shoppe.
  5731 | D:5      | Found an ancient bone altar of Kikubaaqudgha.
  5741 | D:5      | Found a radiant altar of Vehumet.
  6148 | D:6      | Reached XP level 8. HP: 63/70 MP: 9/9
  6229 | D:6      | Found a glowing drain.
  6238 | Sewer    | Entered a sewer
  6344 | Sewer    | Reached skill level 5 in Armour
  6591 | D:6      | Reached skill level 9 in Axes
  6706 | D:6      | Found a glowing golden altar of the Shining One.
  7140 | D:7      | Noticed Maurice
  7312 | D:7      | Reached XP level 9. HP: 38/78 MP: 10/12
  7659 | D:7      | Found a shadowy altar of Dithmenos.
  7842 | D:7      | Noticed Prince Ribbit
  7864 | D:7      | Killed Prince Ribbit
  7864 | D:7      | Reached *** piety under Okawaru
  8163 | D:7      | Noticed Jeremiah
  8540 | D:8      | Reached skill level 10 in Axes
  8622 | D:8      | Reached XP level 10. HP: 69/83 MP: 13/13
  8806 | D:8      | Reached skill level 5 in Invocations
  8994 | D:8      | Found a snail-covered altar of Cheibriados.
  9058 | D:8      | Noticed an orange demon
  9058 | D:8      | Noticed Amaemon
  9099 | D:8      | Killed Amaemon
  9103 | D:8      | Killed an orange demon
  9509 | D:8      | Found a broken altar of Ashenzari.
  9554 | D:9      | Noticed Maggie
  9570 | D:9      | Killed Maggie
  9570 | D:9      | Reached **** piety under Okawaru
  9842 | D:9      | Reached skill level 11 in Axes
 10179 | D:9      | Noticed a soul eater
 10195 | D:9      | Reached ***** piety under Okawaru
 10316 | D:9      | Noticed Joseph
 10330 | D:9      | Killed Joseph
 10486 | D:9      | Reached XP level 11. HP: 22/93 MP: 15/15
 11253 | D:9      | Found a shimmering blue altar of Sif Muna.
 11290 | D:9      | Noticed Erica
 11291 | D:9      | Erica changed into Erica the moth of wrath
 11291 | D:9      | Noticed Erica
 11299 | D:9      | Killed Erica the moth of wrath
 11585 | D:7      | Maurice stole a +2 broad axe of distortion
 11589 | D:7      | Maurice stole an amulet of reflection
 11590 | D:7      | Maurice stole 389 gold
 11598 | D:7      | Paralysed by Maurice for 5 turns
 11609 | D:7      | Killed Maurice
 11654 | D:7      | Reached skill level 12 in Axes
 11942 | D:10     | Entered Level 10 of the Dungeon
 11959 | D:10     | Noticed a two-headed ogre
 11961 | D:10     | Noticed a two-headed ogre
 11990 | D:10     | Killed a two-headed ogre
 11998 | D:10     | Killed a two-headed ogre
 12328 | D:10     | Found an ornate altar of the Wu Jian Council.
 12346 | D:10     | Identified the +3 helmet "Daun" {Harm rPois Dex-3 Stlth+}
 12440 | D:10     | Received a gift from Okawaru
 13369 | D:11     | Found a staircase to the Lair.
 13370 | D:11     | Noticed an oklob plant
 13370 | D:11     | Noticed an oklob plant
 13419 | D:11     | Reached skill level 13 in Axes
 13611 | D:11     | Received a gift from Okawaru
 13889 | D:11     | Killed an oklob plant
 13896 | D:11     | Killed an oklob plant
 14072 | Lair:1   | Entered Level 1 of the Lair of Beasts
 14439 | Lair:1   | Reached XP level 12. HP: 72/104 MP: 15/18
 14457 | Lair:1   | Noticed a catoblepas
 14712 | Lair:1   | Noticed Gastronok
 14747 | Lair:1   | Killed Gastronok
 14902 | Lair:1   | Reached skill level 14 in Axes
 15513 | Lair:1   | Killed a catoblepas
 15513 | Lair:1   | Reached ****** piety under Okawaru
 15513 | Lair:1   | Received a gift from Okawaru
 15514 | Lair:1   | Acquired a +7 executioner's axe of freezing
 15514 | Lair:1   | Received a gift from Okawaru
 15515 | Lair:1   | Acquired the +14 crystal plate armour of Wurph {^Drain
                  | Regen+ Str+5 Int+5}
 15515 | Lair:1   | Received a gift from Okawaru
 15810 | Lair:2   | Identified the +1 morningstar of Duty {venom, Int+3}
 15877 | Lair:2   | You fall into a shaft and drop 2 floors!
 15881 | Lair:4   | Reached skill level 10 in Fighting
 15902 | Lair:4   | Found a staircase to the Slime Pits.
 15926 | Lair:4   | Reached skill level 10 in Invocations
 16019 | Lair:4   | Found a runed translucent gate.
 16023 | Lair:4   | Found a runed translucent gate.
 16104 | Lair:3   | Found a runed translucent gate.
 16104 | Lair:3   | Found a runed translucent gate.
 16106 | Lair:3   | Found a runed translucent gate.
 16107 | Lair:3   | Noticed a nine-headed hydra
 16108 | Lair:3   | Noticed a nine-headed hydra
 16108 | Lair:3   | Noticed Ifomeed's ghost (journeyman DsGl)
 16114 | Lair:3   | Reached skill level 15 in Axes
 16268 | Lair:3   | Noticed Sonja
 16272 | Lair:3   | Sonja changed into Sonja the human
 16272 | Lair:3   | Noticed Sonja
 16276 | Lair:3   | Killed Sonja the human
 16327 | Lair:3   | Noticed Rupert
 16354 | Lair:3   | Killed Rupert
 16525 | Lair:3   | Found a hole to the Spider Nest.
 16543 | Lair:3   | Reached XP level 13. HP: 114/114 MP: 20/20
 16643 | Lair:3   | Found a staircase to the Swamp.
 17055 | Lair:3   | Reached skill level 10 in Armour
 17061 | Lair:3   | Killed Ifomeed's ghost
 17061 | Lair:3   | Received a gift from Okawaru
 17087 | Lair:3   | Identified the +2 long sword of Context {freeze, rC+ SInv}
 17539 | Lair:2   | Reached skill level 16 in Axes
 17844 | Lair:5   | Entered Level 5 of the Lair of Beasts
 17891 | Lair:4   | Noticed Egailiyk's ghost (journeyman GrEE)
 17936 | Lair:4   | Found a runed translucent gate.
 18014 | Lair:4   | Received a gift from Okawaru
 18295 | Lair:4   | Identified the +3 flail "Demonslayer" {speed, *Noise Will+
                  | Str+2}
 18319 | Lair:4   | Identified the amulet "Cupoo" {Acrobat +Blink rF+ rC++
                  | Slay-3}
 18321 | Lair:4   | Identified the +1 mace of the Wizarding Ancients {spect,
                  | ^Contam rF+ Will+ SInv}
 18347 | Lair:4   | Killed Egailiyk's ghost
 18546 | Lair:5   | Received a gift from Okawaru
 18584 | Lair:5   | Reached skill level 17 in Axes
 18719 | Lair:5   | Paralysed by a hornet for 2 turns
 18723 | Lair:5   | Reached XP level 14. HP: 110/124 MP: 20/23
 18811 | Lair:5   | Received a gift from Okawaru
 19173 | Lair:5   | Paralysed by a hornet for 3 turns
 19657 | D:12     | Found a staircase to the Orcish Mines.
 19711 | D:12     | Reached skill level 18 in Axes
 19711 | D:12     | Found a gate leading to a gauntlet.
 19721 | D:12     | Received a gift from Okawaru
 19746 | Gauntlet | Entered a Gauntlet
 19746 | Gauntlet | Found a transporter.
 19746 | Gauntlet | Found a runed translucent door.
 19746 | Gauntlet | Found a transporter.
 19754 | Gauntlet | Found a transporter.
 19758 | Gauntlet | Found a transporter.
 19770 | Gauntlet | Found a transporter.
 19771 | Gauntlet | Found a transporter.
 19774 | Gauntlet | Found a runed translucent door.
 19774 | Gauntlet | Found a runed translucent door.
 19778 | Gauntlet | Found a transporter.
 19791 | Gauntlet | Found a transporter.
 19810 | Gauntlet | Found a transporter.
 19814 | Gauntlet | Found a transporter.
 19825 | Gauntlet | Found a transporter.
 19826 | Gauntlet | Found a transporter.
 19830 | Gauntlet | Found a runed translucent door.
 19923 | Gauntlet | Gained mutation: You are dopey. (Int -2) [a shining eye]
 19934 | Gauntlet | Gained mutation: You are weak. (Str -2) [a shining eye]
 19953 | Gauntlet | Lost mutation: You are dopey. (Int -2) [potion of mutation]
 19953 | Gauntlet | Lost mutation: You are weak. (Str -2) [potion of mutation]
 19953 | Gauntlet | Gained mutation: Your spells are a little harder to cast,
                  | but a little more powerful. [potion of mutation]
 19960 | Gauntlet | Identified the +1 hat "Aboe" {rElec}
 19998 | Gauntlet | Identified the amulet of Murchi {Spirit rC+ Int+3 Dex+6}
 20270 | D:12     | Noticed Nergalle
 20283 | D:12     | Killed Nergalle
 20407 | D:12     | Noticed Nessos
 20412 | D:12     | Killed Nessos
 20652 | D:13     | Found the +4 Cigotuvi's embrace {Corpsefed rMiasma ^Drain
                  | rN+}
 20731 | D:13     | Found a gate to the Vaults.
 20812 | D:13     | Received a gift from Okawaru
 20854 | D:13     | Reached skill level 19 in Axes
 20858 | D:13     | Received a gift from Okawaru
 20866 | D:13     | Reached XP level 15. HP: 116/134 MP: 24/24
 21742 | D:14     | You fall into a shaft and drop 1 floor!
 21742 | D:15     | Entered Level 15 of the Dungeon
 21768 | D:15     | Noticed Jorgrun
 21774 | D:15     | Killed Jorgrun
 21786 | D:15     | Noticed Kirke
 21796 | D:15     | Received a gift from Okawaru
 21816 | D:15     | Killed Kirke
 21984 | D:15     | Reached skill level 20 in Axes
 21991 | D:15     | Received a gift from Okawaru
 22069 | D:15     | Noticed Louise
 22084 | D:15     | Killed Louise
 22525 | D:15     | Received a gift from Okawaru
 22781 | D:15     | Slain by a spriggan berserker zombie

Illustrated notes

Levels and vault maps discovered:
D:1:      ldierk_walled_garden, layout_loops_ring,
          chequers_serial_rivers_micro_c
D:2:      layout_loops_ring, basic_altar, guppyfry_early_orc_mine, uniq_robin,
          uniq_crazy_yiuf_cottage
D:3:      layout_loops_ring, mainiacjoe_overflow_six_doors_small,
          ebering_ghost_sewer_d
D:4:      layout_basic, nicolae_overflow_hidden_temple,
          minmay_temple_entry_glassed_door, serial_corexii_hall,
          chequers_hall_statues_corner_a, corexii_hall_statues_u,
          corexii_hall_statues_i, corexii_hall_statues_l,
          corexii_hall_statues_l, corexii_hall_statues_u, serial_shops,
          nicolae_shop_crystal, uniq_duvessa, uniq_edmund
D:5:      layout_loops_ring, amethyst_overflow_temple_binary, serial_shops,
          shop_statue, serial_park_tiny_2
D:6:      layout_loops_cross, tso_metal_star, portal_sewer_entry_b
D:7:      layout_basic, general_overflow_altar, uniq_maurice, uniq_jeremiah,
          uniq_prince_ribbit1
D:8:      layout_gridville, mainiacjoe_overflow_chevrons,
          mainiacjoe_overflow_alcove_4, minivault_24, uniq_amaemon
D:9:      layout_stronghold, marbit_many_paths, grunt_ministairs_3,
          nicolae_two_hexagons, nrook_pool_corridor, uniq_maggie, uniq_joseph,
          uniq_erica
D:10:     layout_cave_pools, nicolae_wu_jian_wuxing_cycle
D:11:     layout_gridville, dpeg_oklobed_lair
D:12:     layout_roguey, hiddenorc1_lemuel, gauntlet_entry_generic, uniq_nessos,
          uniq_nergalle
D:13:     minmay_four_partial_circles, layout_basic, erik_vaults_1
D:14:     minmay_curly_fans, layout_rooms, serial_shops, kennysheep_little_box,
          skrybe_limestone_x
D:15:     regret_index_condemned_cage, layout_gridville, nicolae_eternal_life,
          grunt_ministairs_11, minmay_fractal_squares_gapless_5, uniq_louise,
          uniq_jorgrun, uniq_kirke
Temple:   nicolae_temple_bog_church
Lair:1:   layout_long_grid, minmay_lair_oklob_items,
          chequers_serial_rivers_micro_e, lemuel_fruit_tree, uniq_gastronok
Lair:2:   layout_gridlike
Lair:3:   layout_gridlike, swamp_mist_pool, nicolae_spider_entry_orb_guardian,
          gammafunk_ghost_hydra_chop, uniq_rupert, uniq_sonja
Lair:4:   layout_hall_layers, slime_entry_1, gammafunk_ghost_icy, minmay_holes,
          infiniplex_staircase_pool_2, grunt_megastairs_3
Lair:5:   hangedman_lair_in_review, layout_concentric_octagons, wormcave,
          grunt_megastairs_5

Skill      XL: |  1  2  3  4  5  6  7  8  9 10 11 12 13 14 15 |
---------------+----------------------------------------------+-----
Axes           | 4 5 6 7 8 9 10 11 13 15 17 19 20 | 20.8
Armour         | 1 2 3 4 5 6 8 9 11 12 13 | 13.8
Fighting       | 4 5 6 7 9 10 11 12 14 | 14.1
Invocations    | 2 4 6 8 10 12 13 | 13.0
Dodging        | 9 |  9.2

Action                     |  1- 3 |  4- 6 |  7- 9 | 10-12 | 13-15 || total
---------------------------+-------+-------+-------+-------+-------++-------
  Melee: Hand axe          |   158 |   180 |    69 |       |       ||   407
         Short sword       |       |    22 |    13 |    93 |       ||   128
         War axe           |       |       |   205 |   582 |       ||   787
         Executioner's axe |       |       |       |    95 |   836 ||   931
  Throw: Dart              |       |       |       |       |     2 ||     2
 Invoke: Heroism           |       |       |     3 |    12 |    12 ||    27
         Finesse           |       |       |       |     1 |     1 ||     2
         Receive Weapon    |       |       |       |     1 |       ||     1
         Receive Armour    |       |       |       |     1 |       ||     1
  Evoke: Wand              |       |     6 |     1 |    26 |     5 ||    38
         Condenser vane    |       |       |       |       |     1 ||     1
    Use: Potion            |     2 |     1 |     1 |    14 |     2 ||    20
         Scroll            |       |     5 |    10 |    11 |     6 ||    32
   Stab: Invisible         |       |     1 |       |    10 |       ||    11
         Paralysed         |       |       |       |    18 |       ||    18
         Petrified         |       |       |       |       |    12 ||    12
 Armour: Robe              |    12 |       |       |       |       ||    12
         Scale mail        |    71 |   138 |       |       |       ||   209
         Ring mail         |    10 |       |       |       |       ||    10
         Skin              |     9 |    17 |       |   103 |       ||   129
         Plate armour      |       |    53 |   271 |    48 |       ||   372
         Swamp dragon scal |       |       |       |   422 |       ||   422
         Crystal plate arm |       |       |       |    76 |  1082 ||  1158
  Dodge: Dodged            |    84 |    78 |    71 |   491 |   283 ||  1007
  Block: Other             |       |       |       |    26 |    31 ||    57
         Reflection        |       |       |       |       |     1 ||     1

Table legend: (Time is in decaauts)
 A = Elapsed time spent in this place.
 B = Non-inter-level travel time spent in this place.
 C = Inter-level travel time spent in this place.
 D = Time resting spent in this place.
 E = Time spent auto-exploring this place.
 F = Levels seen in this place.
 G = Mean time per level.
                   A        B        C        D        E       F      G
               +--------+--------+--------+--------+--------+-----+--------+
         Total |  22682 |  21951 |    731 |   3875 |  13457 |  23 |  986.2 |
       Dungeon |  16528 |  16031 |    497 |   3202 |   9700 |  15 | 1101.9 |
        Temple |     40 |     15 |     25 |      0 |     14 |   1 |   40.0 |
          Lair |   5556 |   5348 |    208 |    665 |   3453 |   5 | 1111.2 |
         Sewer |    194 |    194 |      0 |      0 |    115 |   1 |  194.0 |
      Gauntlet |    362 |    362 |      0 |      7 |    174 |   1 |  362.0 |
               +--------+--------+--------+--------+--------+-----+--------+

Top non-repeatable levels by time:
     D:9: 1996 daAuts
  Lair:1: 1617 daAuts
     D:2: 1514 daAuts
     D:7: 1413 daAuts
     D:8: 1401 daAuts
     D:4: 1251 daAuts
  Lair:5: 1241 daAuts
     D:3: 1188 daAuts
  Lair:3: 1151 daAuts
    D:11: 1110 daAuts
     D:5: 1108 daAuts
    D:10: 1065 daAuts
     D:1: 1028 daAuts
    D:15: 994 daAuts
    D:13: 886 daAuts
